 Dungeon Crawl Stone Soup version 0.31.0-32-g396128a36d (webtiles) character file.

Game seed: 12299040146829029819

1259 Alphaeus the Ruffian (level 8, -8/76 HPs)
             Began as a Troll Shapeshifter on Mar 18, 2024.
             Was a Priest of Trog.
             Killed from afar by a gargoyle (23 damage)
             ... with a stone arrow
             ... on level 6 of the Dungeon.
             The game lasted 00:04:17 (3501 turns).

Alphaeus the Ruffian (Troll Shapeshifter)           Turns: 3501, Time: 00:04:18

Health: -8/76      AC:  4    Str: 31    XL:     8   Next: 27%
Magic:  7/7        EV: 14    Int:  6    God:    Trog [***...]
Gold:   245        SH:  0    Dex:  9    Spells: 7/7 levels left

rFire   . .          .
                       - Unarmed
rCold   . . .        (no shield)
rNeg    . . .        a - +0 animal skin
rPois   .            (helmet currently unavailable)
rElec   .            (cloak currently unavailable)
rCorr   .            (gloves unavailable)
SInv    .            (boots unavailable)
Will    .....        (no amulet)
Stlth   +            l - +6 ring of strength
HPRegen 1.12/turn    w - +5 ring of evasion
MPRegen 0.10/turn

%: no passive effects
@: beast-form
A: beast (slay +3), large, unfitting armour, claws 3, regeneration 1, shaggy fur
1, tough skin 1
a: Begin Untransformation, Renounce Religion, Berserk, Trog's Hand


You were on level 6 of the Dungeon.
You worshipped Trog.
Trog was most pleased with you.
You were a hulking beast.
You visited 1 branch of the dungeon, and saw 6 of its levels.
You also visited: Ossuary.

You collected 245 gold pieces.

Inventory:

Armour
 a - a +0 animal skin (worn)
Jewellery
 f - a ring of ice
 l - a +6 ring of strength (left claw)
 w - a +5 ring of evasion (right claw)
Talismans
 c - a beast talisman
 d - a flux talisman
Scrolls
 g - 2 scrolls of fog {unknown}
 h - a scroll of immolation {unknown}
 i - 6 scrolls of vulnerability {unknown}
 j - a scroll of noise {unknown}
 k - 4 scrolls of identify {unknown}
 m - 2 scrolls of revelation {unknown}
 q - a scroll of acquirement {unknown}
 r - a scroll of amnesia {unknown}
 u - a scroll of blinking {unknown}
Potions
 b - 5 potions of lignification
 e - a potion of mutation {unknown}
 n - 5 potions of curing {unknown}
 o - 3 potions of brilliance {unknown}
 p - a potion of berserk rage
 s - a potion of degeneration {unknown}
 t - 2 potions of enlightenment {unknown}
 v - a potion of haste {unknown}


   Skills:
 + Level 3.6 Fighting
 - Level 1.5 Dodging
 * Level 7.0 Unarmed Combat
 * Level 6.5 Shapeshifting


You had 7 spell levels left.
You didn't know any spells.
Your spell library was empty.

Dungeon Overview and Level Annotations

Branches:
Dungeon (6/15)            Ossuary (visited)
 Temple: D:4-7

Altars:
Gozag
Trog

Shops:
D:4 (

Annotations:
D:4 2 transporters


Innate Abilities, Weirdness & Mutations

You are a hulking beast.
Your limbs bulge with bestial killing power. (Slay +3)
You are too large for most types of armour.
You have claws for hands.
Your natural rate of healing is unusually fast.
You are covered in fur. (AC +1)
You have tough skin. (AC +1)


Message History

An ice beast comes into view.
The gargoyle hurls a stone arrow at you.
The stone arrow hits you!
You barely miss the gargoyle.
The gargoyle hits you with a +0 morningstar!!
You scratch the gargoyle but do no damage.
The gargoyle misses you.
You scratch the gargoyle but do no damage.
The gargoyle hits you with a +0 morningstar!!
You are too injured to fight recklessly!
You are too injured to fight recklessly!
You are too injured to fight recklessly!
You are too injured to fight recklessly!
You are too injured to fight recklessly!
You are too injured to fight recklessly!
You are too injured to fight recklessly!
You are too injured to fight recklessly!
You are too injured to fight recklessly!
You are too injured to fight recklessly!
You are too injured to fight recklessly!
You are too injured to fight recklessly!
You are too injured to fight recklessly!
You are too injured to fight recklessly!
You are too injured to fight recklessly!
You scratch the gargoyle but do no damage.
The gargoyle hurls a stone arrow at you.
The stone arrow hits you!!
* * * LOW HITPOINT WARNING * * *
You scratch the gargoyle but do no damage.
The gargoyle closely misses you.
You barely miss the gargoyle. The gargoyle closely misses you.
You mangle the gargoyle!!
You claw the gargoyle, but do no damage.
The gargoyle is severely damaged.
The gargoyle completely misses you.
You scratch the gargoyle but do no damage.
The gargoyle is severely damaged.
The gargoyle hurls a stone arrow at you.
The stone arrow hits you!!
You die...

###############
.....Y9h..=...#
####.####.###.#
#.# #.# #.# #.#
#.# #.# #.# #.#
#.###.##
#.##...#####
#<........


You could see a gargoyle and an ice beast.

Vanquished Creatures
  Sigmund (D:5)
  An ice beast (D:5)
  5 scorpions
  A water moccasin zombie (Ossuary)
  A wight (Ossuary)
  A howler monkey (D:4)
  7 centaur zombies (Ossuary)
  A hound (D:5)
  An iguana (D:3)
  A sleepcap (D:4)
  2 orc wizards
  An ogre zombie (Ossuary)
  7 adders
  2 white imps
  2 ufetubi (D:5)
  3 adder zombies (Ossuary)
  2 dart slugs
  3 ribbon worms (D:2)
  12 orcs
  4 ball pythons
  3 bats
  4 endoplasms
  A giant cockroach (D:2)
  4 gnoll zombies (Ossuary)
  5 hobgoblins
  4 jackals (D:5)
  6 kobolds
  6 quokkas
  A frilled lizard (D:2)
  11 goblins
  3 goblin zombies (Ossuary)
  3 hobgoblin zombies (Ossuary)
  4 orc zombies (Ossuary)
  3 rats
116 creatures vanquished.

Notes
Turn   | Place    | Note
-------+----------+-------------------------------------------
     0 | D:1      | Alphaeus the Troll Shapeshifter began the quest for the
                  | Orb.
     0 | D:1      | Reached XP level 1. HP: 18/18 MP: 0/0
   119 | D:1      | Found a faded altar of an unknown god.
   186 | D:1      | Prayed at the altar of an unknown god.
   186 | D:1      | Became a worshipper of Trog the Wrathful
   186 | D:1      | Reached * piety under Trog
   637 | D:2      | Reached skill level 1 in Fighting
   637 | D:2      | Reached XP level 2. HP: 27/27 MP: 1/1
   799 | D:2      | Reached XP level 3. HP: 33/33 MP: 2/2
   815 | D:2      | Identified the +1 leather armour of the Heron {Will+}
  1174 | D:3      | Reached XP level 4. HP: 41/41 MP: 3/3
  1246 | D:3      | Reached skill level 4 in Unarmed Combat
  1451 | D:3      | Reached ** piety under Trog
  1682 | D:4      | Found a transporter.
  1704 | D:4      | Noticed a scorpion
  1706 | D:4      | Killed a scorpion
  1707 | D:4      | Reached XP level 5. HP: 49/49 MP: 4/4
  1741 | D:4      | Found a sand-covered staircase.
  1752 | Ossuary  | Entered an ossuary
  1795 | Ossuary  | Reached XP level 6. HP: 47/57 MP: 5/5
  1825 | Ossuary  | Reached skill level 5 in Unarmed Combat
  1853 | Ossuary  | Reached skill level 5 in Shapeshifting
  1870 | Ossuary  | Reached XP level 7. HP: 62/66 MP: 6/6
  1962 | Ossuary  | Noticed a silent spectre
  1965 | Ossuary  | Reached *** piety under Trog
  1966 | Ossuary  | Reached skill level 6 in Unarmed Combat
  2201 | D:4      | Found Naurraur's Weapon Shoppe.
  2483 | D:4      | Found a transporter.
  2652 | D:5      | Entered Level 5 of the Dungeon
  2995 | D:5      | Noticed Sigmund
  3001 | D:5      | Killed Sigmund
  3002 | D:5      | Reached XP level 8. HP: 66/75 MP: 7/7
  3072 | D:5      | Found an opulent altar of Gozag.
  3104 | D:5      | Reached skill level 7 in Unarmed Combat
  3490 | D:6      | Noticed a gargoyle
  3501 | D:6      | Killed from afar by a gargoyle

Illustrated notes

Levels and vault maps discovered:
D:1:      tarquinn_simple_flora_water_a, layout_loops_ring,
          ebering_ecumenical_altar_hall
D:2:      layout_basic
D:3:      layout_basic
D:4:      gammafunk_wand_slinger, layout_loops_ring, serial_shops, shop,
          enter_ossuary_3, nicolae_letterblocks [nicolae_letter_subblock,
          nicolae_letter_subblock, nicolae_letter_subblock,
          nicolae_letter_subblock, nicolae_letter_subblock,
          nicolae_letter_subblock, nicolae_letter_subblock,
          nicolae_letter_subblock, nicolae_letter_subblock,
          nicolae_letter_subblock, nicolae_letter_subblock,
          nicolae_letter_subblock, nicolae_letter_subblock,
          nicolae_letter_subblock, nicolae_letter_subblock,
          nicolae_letter_subblock, nicolae_letter_subblock,
          nicolae_letter_subblock, nicolae_letter_subblock,
          nicolae_letter_subblock, nicolae_letter_subblock,
          nicolae_letter_subblock, nicolae_letter_subblock,
          nicolae_letter_subblock, nicolae_letter_subblock]
D:5:      layout_cave_pods, grunt_gozag_statues, chequers_serial_rivers_room_b,
          nicolae_nh_ransacked_shop, uniq_sigmund
D:6:      kennysheep_windowed_halls, layout_loops_ring,
          mainiacjoe_overflow_24_doors, minmay_temple_entry_sparse_star

Skill      XL: |  1  2  3  4  5  6  7  8 |
---------------+-------------------------+-----
Fighting       | 1 2 3 |  3.6
Unarmed Combat | 4 5 6 7 |  7.0
Shapeshifting  | 4 5 6 |  6.5
Dodging        | |  1.5

Action                     |  1- 3 |  4- 6 |  7- 9 || total
---------------------------+-------+-------+-------++-------
  Melee: Unarmed           |    71 |   101 |   102 ||   274
         Punch             |     1 |     4 |     2 ||     7
    Use: Potion            |       |       |     1 ||     1
 Armour: Animal skin       |    56 |    72 |    68 ||   196
  Dodge: Dodged            |    31 |    46 |    49 ||   126
